 Dungeon Crawl Stone Soup version 0.30-a0-371-gad7725a93e (webtiles) character file.

Game seed: 5146755655372948065

842 night the Chiller (level 8, -2/54 HPs)
             Began as an Octopode Ice Elementalist on Nov 20, 2022.
             Was an Initiate of Gozag.
             Slain by a nameless horror (11 damage)
             ... created by miscasting Summon Ice Beast
             ... on level 5 of the Dungeon.
             The game lasted 00:12:11 (5378 turns).

night the Chiller (Octopode Ice Elementalist)       Turns: 5378, Time: 00:12:12

Health: -2/54      AC:  1    Str:  7    XL:     8   Next: 0%
Magic:  0/14       EV: 13    Int: 19    God:    Gozag
Gold:   339        SH:  0    Dex: 13    Spells: 4/15 levels left

rFire   . . .      SeeInvis .      - Unarmed
rCold   . . .      Faith    .    (no shield)
rNeg    . . .      Spirit   .    (helmet restricted)
rPois   .          Reflect  .    (no amulet)
rElec   .          Harm     .    (no ring)
rCorr   .          Rampage  .    (no ring)
Will    .....                    (no ring)
Stlth   +++.......               (no ring)
HPRegen 0.29/turn                (no ring)
MPRegen 0.14/turn                (no ring)
                                 (no ring)
                                 (no ring)

@: no status effects
A: almost no armour, amphibious, 8 rings, camouflage 1, gelatinous body 1,
(nimble swimmer 1), tentacles
a: Renounce Religion, Potion Petition, Call Merchant, Bribe Branch


You were on level 5 of the Dungeon.
You worshipped Gozag.
Gozag was aware of your devotion.
You visited 1 branch of the dungeon, and saw 5 of its levels.

You collected 408 gold pieces.
You paid 69 gold pieces to Gozag.

Inventory:

Hand Weapons
 s - a +0 spear of venom
Missiles
 b - 42 stones
 d - 8 javelins
 t - 16 poisoned darts
 w - 4 curare-tipped darts
 x - 5 boomerangs
Jewellery
 g - an amulet of the acrobat
Wands
 q - a wand of digging (6)
Scrolls
 f - a scroll of teleportation
 j - a scroll of butterflies
 n - 2 scrolls of enchant weapon
 o - a scroll of amnesia
 p - a scroll of blinking
 u - a scroll of vulnerability
 y - a scroll of brand weapon
 z - a scroll of noise
Potions
 a - a potion of magic
 c - 2 potions of lignification
 h - a potion of degeneration {unknown}
 i - 2 potions of attraction {unknown}
 k - 3 potions of curing {unknown}
 l - a potion of haste {unknown}
 m - a potion of berserk rage {unknown}
 r - a potion of ambrosia {unknown}
 v - 2 potions of heal wounds {unknown}


   Skills:
 + Level 4.0 Fighting
 - Level 2.0 Dodging
 - Level 2.6 Stealth
 + Level 4.1 Unarmed Combat
 + Level 4.3 Spellcasting
 + Level 5.9 Ice Magic


You had 4 spell levels left.
You knew the following spells:

 Your Spells              Type           Power      Damage    Failure   Level
a - Freeze                Ice            100%       1d10      1%          1
b - Frozen Ramparts       Ice            52%        1d8       3%          3
c - Ozocubu's Armour      Ice            26%        N/A       3%          3
d - Summon Ice Beast      Ice/Summ       15%        N/A       36%         4

Your spell library contained the following spells:

 Spells                   Type           Power      Damage    Failure   Level
 Summon Small Mammal      Summ           16%        N/A       13%         1
 Cigotuvi's Dreadful Rot  Necr/Pois/Air  8%         N/A       21%         2
 Poisonous Vapours        Pois/Air       8%         N/A       21%         2
 Call Canine Familiar     Summ           4%         N/A       36%         3
 Mephitic Cloud           Conj/Pois/Air  4%         N/A       36%         3
 Summon Guardian Golem    Hex/Summ       4%         N/A       36%         3


Dungeon Overview and Level Annotations

Branches:
Dungeon (5/15)
 Temple: D:4-7

Altars:
Dithmenos
Gozag
Kikubaaqudgha
Makhleb
Nemelex Xobeh
Qazlal
Trog
Xom

Annotations:
D:5 1 runed translucent door, mopl's ghost, weakling BaDe


Innate Abilities, Weirdness & Mutations

You cannot wear most types of armour.
You are amphibious.
You can wear up to eight rings at the same time.
Your skin changes colour to match your surroundings (Stealth+).
Your rubbery body absorbs attacks. (AC +1, EV +1)
((You are camouflaged when in or above water. (Stealth+)))
You have tentacles for arms and can constrict up to eight enemies at once.


Message History

The nameless horror hits you!!
You feel your power leaking away.
You tentacle-slap the nameless horror.
The nameless horror is lightly damaged.
Your ice beast hits the nameless horror but does no damage.
The nameless horror misses you.
You tentacle-slap the nameless horror but do no damage.
The nameless horror is lightly damaged.
You tentacle-slap the nameless horror but do no damage.
The nameless horror is lightly damaged.
Send 'em back where they came from!
Your ice beast disappears in a puff of smoke!
You tentacle-slap the nameless horror but do no damage.
The nameless horror is lightly damaged.
The nameless horror hits you!
You feel your power leaking away.
Casting: Summon Ice Beast (quite dangerous; 36% risk of failure)
Confirm with . or Enter, or press ? or * to list all spells.
You don't have enough magic to cast this spell.
You barely miss the nameless horror. You squeeze the nameless horror!
The nameless horror is moderately damaged.
The nameless horror barely misses you.
You barely miss the nameless horror.
You squeeze the nameless horror, but do no damage.
The nameless horror is moderately damaged.
The nameless horror hits you.
* * * LOW HITPOINT WARNING * * *
You tentacle-slap the nameless horror but do no damage.
The nameless horror is moderately damaged.
The nameless horror hits you!
* * * LOW HITPOINT WARNING * * *
You tentacle-slap the nameless horror but do no damage.
The nameless horror is moderately damaged.
The nameless horror completely misses you.
Your magical contamination has completely faded away.
You tentacle-slap the nameless horror but do no damage.
The nameless horror is moderately damaged.
The nameless horror hits you!
You die...
Your body crumbles into a pile of gold.

...##⌠##...#.........#
....##...##..........>..
...##.....##...##.......
?..#⌠.?♣!.⌠#...##...#..#
...##.....##..>.#......#
#...##...##.....###.##.#
.....##W##...#.[# #. #.#
#.....#+#...##..# #.....
#....X@...## .... ....#
####.....## #.####...
####### .. #.. .# #. #.


You could see a nameless horror and mopl's ghost.

Vanquished Creatures
  Grinder (D:5)
  3 wights (D:5)
  An orc priest (D:4)
  A hound (D:4)
  2 jellies (D:5)
  2 iguanas
  Ijyb (D:3)
  3 gnolls (D:3)
  8 adders
  A shadow imp (D:5)
  4 worms
  4 dart slugs
  3 orcs
  4 ball pythons
  5 endoplasms
  2 giant cockroaches (D:1)
  5 hobgoblins
  4 quokkas
  3 bats
  6 frilled lizards
  10 goblins
  12 kobolds
  10 rats
95 creatures vanquished.

Vanquished Creatures (collateral kills)
  An ogre (D:4)
  An endoplasm (D:4)
2 creatures vanquished.

Grand Total: 97 creatures vanquished

Notes
Turn   | Place    | Note
-------+----------+-------------------------------------------
     0 | D:1      | night the Octopode Ice Elementalist began the quest for the
                  | Orb.
     0 | D:1      | Reached XP level 1. HP: 11/11 MP: 3/3
   144 | D:1      | Reached XP level 2. HP: 18/18 MP: 5/5
   429 | D:1      | Reached skill level 1 in Unarmed Combat
   433 | D:1      | Reached skill level 1 in Fighting
   571 | D:1      | Reached XP level 3. HP: 23/23 MP: 6/6
   988 | D:2      | Learned a level 3 spell: Frozen Ramparts
   992 | D:2      | Learned a level 3 spell: Ozocubu's Armour
  1363 | D:2      | Reached XP level 4. HP: 28/28 MP: 7/7
  2058 | D:3      | Reached skill level 2 in Unarmed Combat
  2140 | D:3      | Noticed Ijyb
  2200 | D:3      | Killed Ijyb
  2201 | D:3      | Reached skill level 2 in Fighting
  2201 | D:3      | Reached XP level 5. HP: 17/34 MP: 2/9
  2642 | D:3      | HP: 3/34 [gnoll/+0 halberd (11)]
  3048 | D:4      | Found a stormy altar of Qazlal.
  3071 | D:4      | Found a burning altar of Makhleb.
  3080 | D:4      | Found a bloodstained altar of Trog.
  3091 | D:4      | Found a shadowy altar of Dithmenos.
  3135 | D:4      | Found an opulent altar of Gozag.
  3147 | D:4      | Became a worshipper of Gozag Ym Sagoz the Greedy
  3188 | D:4      | Found a sparkling altar of Nemelex Xobeh.
  3348 | D:4      | Reached XP level 6. HP: 41/41 MP: 3/10
  3353 | D:4      | Learned a level 4 spell: Summon Ice Beast
  3427 | D:4      | Reached skill level 5 in Ice Magic
  3644 | D:4      | You fall into a shaft and drop 1 floor!
  3644 | D:5      | Entered Level 5 of the Dungeon
  3652 | D:5      | Found a shimmering altar of Xom.
  4155 | D:4      | Found an ancient bone altar of Kikubaaqudgha.
  4518 | D:5      | HP: 4/40 [wight/+0 morningstar (10)]
  4520 | D:5      | Reached XP level 7. HP: 5/46 MP: 4/12
  4674 | D:5      | Noticed Grinder
  4683 | D:5      | Paralysed by Grinder for 5 turns
  4764 | D:5      | Paralysed by Grinder for 2 turns
  4771 | D:5      | Paralysed by Grinder for 5 turns
  4781 | D:5      | Killed Grinder
  5268 | D:5      | Reached XP level 8. HP: 37/54 MP: 6/14
  5346 | D:5      | Noticed mopl's ghost (weakling BaDe)
  5350 | D:5      | Found a runed translucent door.
  5365 | D:5      | Noticed a nameless horror
  5378 | D:5      | Slain by a nameless horror

Illustrated notes

Levels and vault maps discovered:
D:1:      ncdulo_watergridlock, layout_loops_ring
D:2:      layout_basic, kennysheep_generic_room_12
D:3:      layout_basic, serial_glass, glass_columns_c, glass_columns_a,
          minmay_strange_pillars, feat_on_display, minmay_strange_pillars,
          item_on_display_a, kennysheep_generic_room_9, uniq_ijyb
D:4:      layout_loops_corners, mainiacjoe_overflow_brackets,
          lemuel_crystal_altar, nicolae_overflow_quartered_altars,
          nemelex_xobeh_ov_fountains_minmay, minmay_misc_feat_five
D:5:      layout_loops_cross, kennysheep_little_box,
          hellmonk_ghost_happy_afterlife, dreamdust_princess_bridge,
          uniq_grinder

Skill      XL: |  1  2  3  4  5  6  7 |
---------------+----------------------+-----
Unarmed Combat | 1 2 3 4 |  4.1
Fighting       | 1 2 3 4 |  4.0
Spellcasting   | 3 4 |  4.3
Ice Magic      | 5 |  5.9
Dodging        | |  2.0
Stealth        | |  2.6

Action                   |  1- 3 |  4- 6 |  7- 9 || total
-------------------------+-------+-------+-------++-------
Melee: Unarmed           |    70 |    96 |    36 ||   202
       Tentacles         |    23 |    28 |    13 ||    64
       Constrict         |    19 |    28 |     5 ||    52
       Punch             |     3 |     1 |       ||     4
       Spear             |       |     3 |       ||     3
 Cast: Freeze            |    11 |     7 |     2 ||    20
       Frozen Ramparts   |       |    25 |     4 ||    29
       Ozocubu's Armour  |       |    12 |     1 ||    13
       Summon Ice Beast  |       |     3 |     3 ||     6
  Use: Potion            |       |     1 |       ||     1
       Scroll            |       |     9 |       ||     9
 Stab: Sleeping          |    16 |     7 |       ||    23
Armor: Skin              |     3 |    10 |     2 ||    15
Dodge: Dodged            |    36 |    46 |    18 ||   100

Table legend: (Time is in decaauts)
 A = Elapsed time spent in this place.
 B = Non-inter-level travel time spent in this place.
 C = Inter-level travel time spent in this place.
 D = Time resting spent in this place.
 E = Time spent auto-exploring this place.
 F = Levels seen in this place.
 G = Mean time per level.
                   A        B        C        D        E       F      G
               +--------+--------+--------+--------+--------+-----+--------+
         Total |   5370 |   5299 |     71 |    763 |   3546 |   5 | 1074.0 |
       Dungeon |   5370 |   5299 |     71 |    763 |   3546 |   5 | 1074.0 |
               +--------+--------+--------+--------+--------+-----+--------+

Top non-repeatable levels by time:
     D:4: 1595 daAuts
     D:2: 1185 daAuts
     D:3: 925 daAuts
     D:1: 862 daAuts
     D:5: 801 daAuts
